 Dungeon Crawl Stone Soup version 0.30.0-19-g36f170ea60 (webtiles) character file.

Game seed: 9635331696754535908

2961 olmar the Grappler (level 9, -10/74 HPs)
             Began as a Ghoul Monk on June 1, 2023.
             Was an Initiate of Gozag.
             Mangled by Gastronok (24 damage)
             ... on level 8 of the Dungeon.
             The game lasted 00:07:54 (6346 turns).

olmar the Grappler (Ghoul Monk)                     Turns: 6346, Time: 00:07:54

Health: -10/74     AC: 11    Str: 19    XL:     9   Next: 81%
Magic:  8/8        EV: 10    Int:  5    God:    Gozag
Gold:   652        SH:  5    Dex: 11    Spells: 8/8 levels left

rFire   . .          .
                       - Unarmed
rCold   + . .        c - orb {light}
rNeg    + + +        n - +0 scale mail
rPois   ∞            I - +1 helmet
rElec   .            y - +0 cloak
rCorr   .            (no gloves)
SInv    .            (no boots)
Will    .....        j - amulet of reflection Stlth
                     (no ring)
HPRegen 0.00/turn    (no ring)
MPRegen 0.11/turn

%: reflection
@: inhibited regen, slowed, glowing, very slow
A: claws 1, cold resistance 1, negative energy resistance 3, inhibited
regeneration, torment resistance 2, devour on kill
a: Renounce Religion, Potion Petition, Call Merchant, Bribe Branch


You were on level 8 of the Dungeon.
You worshipped Gozag.
Gozag was pleased with you.
You visited 2 branches of the dungeon, and saw 9 of its levels.
You also visited: Sewer.

You collected 652 gold pieces.

Inventory:

Missiles
 e - 13 boomerangs (quivered)
 u - 38 poisoned darts
 C - a silver boomerang
 K - a throwing net
Armour
 a - a +0 robe
 c - an orb of light (worn)
 n - a +0 scale mail (worn)
 y - a +0 cloak (worn)
 I - a +1 helmet (worn)
Jewellery
 j - an amulet of reflection (around neck)
 k - an amulet of faith
Wands
 F - a wand of paralysis (13)
 H - a wand of iceblast (6)
Scrolls
 d - 2 scrolls of poison
 g - 2 scrolls of enchant weapon
 i - a scroll of vulnerability
 l - 2 scrolls of noise
 m - a scroll of brand weapon
 p - 3 scrolls of teleportation
 r - 2 scrolls of amnesia
 w - 3 scrolls of enchant armour {unknown}
 E - 2 scrolls of identify
 J - a scroll of fear
Potions
 b - a potion of ambrosia
 f - a potion of flight
 h - 2 potions of lignification
 o - 3 potions of degeneration
 q - a potion of berserk rage
 s - a potion of heal wounds {unknown}
 t - 2 potions of brilliance {unknown}
 v - 2 potions of invisibility {unknown}
 x - 6 potions of mutation
 z - a potion of cancellation
 A - a potion of haste {unknown}
 B - a potion of curing
 D - a potion of magic {unknown}
 G - a potion of attraction {unknown}


   Skills:
 + Level 5.4 Fighting
 + Level 5.6 Armour
 - Level 2.7 Dodging
 + Level 3.0 Shields
 + Level 11.7 Unarmed Combat


You had 8 spell levels left.
You didn't know any spells.
Your spell library contained the following spells:

 Spells                   Type           Power      Damage    Failure   Level
 Sting                    Tmut/Pois      0%         1d3       83%         1
 Ensorcelled Hibernation  Hex/Ice        0%         N/A       92%         2
 Poisonous Vapours        Pois/Air       0%         N/A       92%         2
 Ignite Poison            Fire/Tmut/Pois 0%         N/A       99%         3
 Anguish                  Hex/Necr       0%         N/A       100%        4
 Olgreb's Toxic Radiance  Pois           0%         N/A       100%        4
 Sticky Flame             Conj/Fire      0%         2d3       100%        4
 Ignition                 Fire           0%         3d3       100%        8
 Spider Form              Tmut/Pois      Unusable   N/A       N/A         3

Dungeon Overview and Level Annotations

Branches:
Dungeon (8/15)             Temple (1/1) D:5           Sewer (visited)
   Lair: D:8-11

Altars:
Ashenzari
Cheibriados
Dithmenos
Fedhas
Gozag
Hepliaklqana
Kikubaaqudgha
Makhleb
Nemelex Xobeh
Okawaru
Ru
Sif Muna
Trog
Uskayaw
Vehumet
Wu Jian
Xom
Yredelemnul

Shops:
D:5 *(!

Annotations:
D:4 3 runed translucent doors, howech's ghost, amateur MiBe
D:6 2 runed translucent doors, middlethird's ghost, novice VSAE
D:8 Gastronok


Innate Abilities, Weirdness & Mutations

You are immune to poison.
You have sharp fingernails.
Your flesh is cold resistant. (rC+)
You are immune to negative energy. (rN+++)
You do not regenerate when monsters are visible.
You are immune to unholy pain and torment.
You thrive by killing the living.


Message History

Unknown command.
You claw Gastronok!
Gastronok is almost dead.
Gastronok casts a spell.
You scratch Gastronok but do no damage.
Gastronok is almost dead.
The quokka bites you but does no damage.
The rat barely misses you.
Unknown command.
You scratch Gastronok.
Gastronok is almost dead.
You block the quokka's attack. The rat barely misses you. Gastronok bites you!!
Unknown command.
You scratch Gastronok.
Gastronok is almost dead.
The quokka bites you but does no damage.
You block the rat's attack. You block the quokka's attack.
You claw Gastronok!
Gastronok is almost dead.
The rat completely misses you. The quokka misses you. Gastronok bites you!
Unknown command.
You scratch Gastronok but do no damage.
Gastronok is almost dead.
You block the quokka's attack. The rat completely misses you.
The quokka bites you.
Gastronok waves his eye-stalks in wide circles.
The air twists around and strikes you!
* * * LOW HITPOINT WARNING * * *
The rat bites you.
* * * LOW HITPOINT WARNING * * *
You scratch Gastronok but do no damage.
Gastronok is almost dead.
The quokka closely misses you. The rat barely misses you.
Unknown command.
You scratch Gastronok but do no damage.
Gastronok is almost dead.
The quokka bites you but does no damage.
The rat closely misses you. Gastronok bites you!!
You die...
Your body crumbles into a pile of gold.

#.# .# #.#
..# #.# ....
#.# ... ..##
####.##..
.....bw.#
#.rr@#
#.>#r# #####
#.# .. #.#
#.####.#
#.#....#
#####....###
#.....#..# $
#.###.<..#.#


You could see Gastronok (swift), a quokka (summoned), a bat (summoned) and 2
rats.

Vanquished Creatures
  A steam dragon (D:6)
  Menkaure (D:7)
  3 water moccasins
  3 ice beasts
  3 black bears
  2 centaurs
  An ogre (D:4)
  A phantom (D:6)
  3 kobold brigands (Sewer)
  2 bullfrogs
  5 scorpions
  3 wights (D:7)
  3 killer bees (D:7)
  4 hounds
  2 jellies (D:7)
  A sleepcap (D:6)
  An iguana (D:7)
  An orc wizard (D:7)
  7 gnolls
  9 adders
  9 river rats
  An ufetubus (D:5)
  4 worms
  4 dart slugs
  12 orcs
  12 ball pythons
  5 bats
  4 endoplasms
  4 giant cockroaches
  7 goblins
  9 hobgoblins
  5 jackals
  14 kobolds
  3 quokkas
  5 frilled lizards
  23 rats
177 creatures vanquished.

Notes
Turn   | Place    | Note
-------+----------+-------------------------------------------
     0 | D:1      | olmar the Ghoul Monk began the quest for the Orb.
     0 | D:1      | Reached XP level 1. HP: 19/19 MP: 0/0
   248 | D:1      | Reached XP level 2. HP: 26/26 MP: 1/1
   711 | D:2      | Found a broken altar of Ashenzari.
   857 | D:2      | Reached skill level 4 in Unarmed Combat
   857 | D:2      | Reached XP level 3. HP: 33/33 MP: 2/2
  1245 | D:3      | Noticed a scorpion
  1254 | D:3      | Killed a scorpion
  1255 | D:3      | Reached XP level 4. HP: 39/40 MP: 3/3
  1266 | D:3      | Reached skill level 5 in Unarmed Combat
  1393 | D:3      | Reached XP level 5. HP: 44/46 MP: 4/4
  1866 | D:4      | Found a runed translucent gate.
  1866 | D:4      | Found a runed translucent gate.
  1867 | D:4      | Found a runed translucent gate.
  1868 | D:4      | Noticed an ogre
  1869 | D:4      | Noticed howech's ghost (amateur MiBe)
  1978 | D:4      | Reached skill level 6 in Unarmed Combat
  2083 | D:4      | Reached skill level 1 in Armour
  2083 | D:4      | Reached skill level 1 in Shields
  2083 | D:4      | Reached XP level 6. HP: 44/53 MP: 5/5
  2178 | D:4      | Found a glowing drain.
  2182 | Sewer    | Entered a sewer
  2449 | Sewer    | Reached skill level 7 in Unarmed Combat
  2499 | Sewer    | Reached XP level 7. HP: 53/60 MP: 6/6
  3025 | D:4      | Reached skill level 8 in Unarmed Combat
  3380 | D:4      | Reached XP level 8. HP: 61/67 MP: 7/7
  3754 | D:5      | Entered Level 5 of the Dungeon
  3779 | D:5      | Identified the +4 war axe of the Land of Plenty {drain,
                  | *Rage Fly Str+3}
  4076 | D:5      | Found a staircase to the Ecumenical Temple.
  4081 | D:5      | Reached skill level 9 in Unarmed Combat
  4090 | Temple   | Entered the Ecumenical Temple
  4543 | D:5      | Found Ruxzitof's Assorted Antiques.
  4544 | D:5      | Found Hyosch Huot's Antique Weapon Shoppe.
  4547 | D:5      | Found Reuhae's Distillery.
  4713 | D:6      | Found a runed translucent door.
  4726 | D:6      | Noticed middlethird's ghost (novice VSAE)
  4729 | D:6      | Reached skill level 5 in Fighting
  4767 | D:6      | Reached skill level 10 in Unarmed Combat
  4785 | D:6      | Reached XP level 9. HP: 35/74 MP: 8/8
  4937 | D:6      | Found a runed translucent door.
  4960 | D:6      | Found an opulent altar of Gozag.
  5036 | D:6      | Became a worshipper of Gozag Ym Sagoz the Greedy
  5813 | D:7      | Found a radiant altar of Vehumet.
  5823 | D:7      | Reached skill level 5 in Armour
  5823 | D:7      | Reached skill level 11 in Unarmed Combat
  6238 | D:7      | Noticed Menkaure
  6242 | D:7      | Killed Menkaure
  6320 | D:8      | Noticed Gastronok
  6346 | D:8      | Mangled by Gastronok

Illustrated notes

Levels and vault maps discovered:
D:1:      shiori_shiawase, layout_rooms, wander_ebering_terrifying_dragon_lair
D:2:      layout_rooms, basic_altar, minmay_small_reverse_x
D:3:      layout_loops_ring
D:4:      layout_basic, lightli_sewer_entry_pipes, ebering_ghost_rock_garden
D:5:      layout_loops_ring, minmay_temple_entry_slanted,
          kennysheep_big_empty_room, nicolae_shop_distant_corner_stores
D:6:      nicolae_cairo_tiling_large_dashed, layout_cave_pools,
          old_standard_altar, ebering_ghost_sewer_f
D:7:      layout_gridville, nicolae_vehumet_radiance, uniq_menkaure
D:8:      layout_basic, mainiacjoe_overflow_catwalk, gammafunk_ghost_spectres,
          uniq_gastronok
Temple:   hc_temple_tempest_star

Skill      XL: |  1  2  3  4  5  6  7  8  9 |
---------------+----------------------------+-----
Unarmed Combat | 4 5 6 7 8 10 11 | 11.7
Fighting       | 4 5 |  5.4
Armour         | 1 2 4 5 |  5.6
Shields        | 1 2 3 |  3.0
Dodging        | |  2.7

Action                     |  1- 3 |  4- 6 |  7- 9 || total
---------------------------+-------+-------+-------++-------
  Melee: Unarmed           |    79 |   188 |   301 ||   568
  Throw: Boomerang         |     5 |       |     4 ||     9
         Dart              |       |       |    13 ||    13
    Use: Scroll            |       |    10 |     3 ||    13
         Potion            |       |     1 |     2 ||     3
 Armour: Robe              |    13 |       |       ||    13
         Scale mail        |    21 |    62 |   100 ||   183
  Dodge: Dodged            |    35 |    58 |   158 ||   251
  Block: Orb               |    17 |    40 |    64 ||   121
         Reflection        |     3 |       |     2 ||     5
